 Dungeon Crawl Stone Soup version 0.31-a0-744-gbc345e7fcb (webtiles) character file.

Game seed: 7029899472549287697

7881 Aneyh the Fighter (level 11, -20/64 (65) HPs)
             Began as a Tengu Monk on Sept 13, 2023.
             Was an Elder of Hepliaklqana.
             Killed from afar by an orc sorcerer (43 damage)
             ... with a bolt of fire
             ... on level 9 of the Dungeon.
             The game lasted 00:17:27 (8436 turns).

Aneyh the Fighter (Tengu Monk)                      Turns: 8436, Time: 00:17:27

HP:   -20/64 (65)   AC: 15    Str: 22    XL:     11   Next: 22%
MP:   12/12         EV: 20    Int: 11    God:    Hepliaklqana [****..]
Gold: 426           SH:  5    Dex: 16    Spells: 10/10 levels left

rFire   . . .        a - +3 war axe
rCold   . . .        G - +0 buckler
rNeg    . . .        R - +0 troll leather armour
rPois   .            m - +1 hat
rElec   .            P - +2 cloak {Will+}
rCorr   .            K - +1 pair of gloves
SInv    .            (boots unavailable)
Will    +....        (no amulet)
Stlth   +            f - +4 ring of protection
HPRegen 1.10/turn    j - +6 ring of strength
MPRegen 0.13/turn

%: acrobat
@: flying, lightly drained
A: reduced essence, beak, talons 3, evasive flight, acrobatic
a: Renounce Religion, Recall Ancestor, Ancestor Identity, Transference, Idealise


You were on level 9 of the Dungeon.
You worshipped Hepliaklqana.
Hepliaklqana was greatly pleased with you.
You visited 2 branches of the dungeon, and saw 10 of its levels.

You collected 426 gold pieces.

Inventory:

Hand Weapons
 a - a +3 war axe (weapon)
 b - a +2 halberd
 u - a +4 vampiric trident
 z - a +0 scythe
 A - a +0 trident
 C - the +11 falchion of the Wraith {drain, *Rage Int+4 Stlth+}
   (You found it on level 9 of the Dungeon)

   Int+4:     It affects your intelligence (+4).
   *Rage:     It berserks you when you make melee attacks (+20% chance).
   Stlth+:    It makes you more stealthy.
Missiles
 t - 22 boomerangs
 H - 7 poisoned darts
Armour
 g - a +0 ring mail
 m - a +1 hat (worn)
 G - a +0 buckler (worn)
 K - a +1 pair of gloves (worn)
 P - a +2 cloak of willpower (worn)
 R - a +0 troll leather armour (worn)
Jewellery
 e - a ring of positive energy
 f - a +4 ring of protection (left hand)
 j - a +6 ring of strength (right hand)
 q - a +5 ring of evasion
 M - a +6 ring of intelligence
 Q - a ring of fire
Wands
 p - a wand of paralysis (11) (quivered)
 v - a wand of polymorph (7)
 B - a wand of mindburst (10)
 F - a wand of flame (47)
 I - a wand of iceblast (8)
 L - a wand of digging (6)
Scrolls
 d - a scroll of summoning {unknown}
 i - 3 scrolls of fog
 l - 2 scrolls of blinking
 n - 5 scrolls of identify
 o - 2 scrolls of noise {unknown}
 r - a scroll of teleportation
 w - 4 scrolls of immolation {unknown}
 y - 2 scrolls of amnesia {unknown}
 D - a scroll of enchant weapon {unknown}
 E - 3 scrolls of fear {unknown}
 J - 2 scrolls of enchant armour {unknown}
 O - a scroll of brand weapon {unknown}
Potions
 c - 3 potions of ambrosia
 h - 2 potions of heal wounds
 k - 4 potions of curing {unknown}
 s - 2 potions of magic {unknown}
 x - a potion of mutation {unknown}
 N - 2 potions of haste {unknown}


   Skills:
 + Level 10.6 Fighting
 - Level 4.4(6.0) Axes
 - Level 6.0(6.8) Polearms
 + Level 9.0 Armour
 + Level 9.8 Dodging
 * Level 2.6 Shields


You had 10 spell levels left.
You didn't know any spells.
Your spell library contained the following spells:

 Spells                   Type           Power      Damage    Failure   Level
 Animate Dead             Necr           0%         N/A       99%         4
 Borgnjor's Vile Clutch   Necr/Erth      0%         N/A       100%        5
 Death Channel            Necr           0%         N/A       100%        6


Dungeon Overview and Level Annotations

Branches:
Dungeon (9/15)             Temple (0/1) D:5            Lair (0/5) D:8
    Orc (1/2) D:9

Altars:
Ashenzari
Cheibriados
Dithmenos
Elyvilon
Fedhas
Gozag
Hepliaklqana
Makhleb
Nemelex Xobeh
Okawaru
Trog
Uskayaw
Vehumet
Wu Jian
The Shining One

Shops:
D:5 =


Innate Abilities, Weirdness & Mutations

Your life essence is reduced to manifest your ancestor. (-10% HP)
You have a beak for a mouth.
You have claws for feet.
Your magical flight helps you evade attacks. (EV +4)
You can magically evade attacks while moving or waiting.


Message History

The troll misses you. x2
The orc warrior hits Amurritum with a +0 flail!
The orc sorcerer hits you but does no damage.
Unknown command.
You hit the orc sorcerer.
The orc sorcerer is heavily wounded.
You closely miss the troll.
Amurritum hits the orc warrior with a +0 flail.
The troll bites you. The troll claws you. The troll closely misses you.
The orc sorcerer complains loudly.
The orc sorcerer hits you with a +0 dagger.
The orc warrior hits Amurritum with a +0 flail.
You hit the orc sorcerer but do no damage.
Your kick misses the orc sorcerer.
You peck the orc sorcerer, but do no damage.
The orc sorcerer is heavily wounded.
You slash the troll!
Amurritum hits the orc warrior with a +0 flail!
The troll bites you!
The troll misses you. x2; The orc sorcerer misses you.
The orc warrior barely misses Amurritum.
You hit the troll but do no damage. You claw the troll! You peck the troll.
The troll is severely wounded.
You hit the orc sorcerer but do no damage.
Amurritum blocks the orc warrior's attack.
The troll bites you! The troll claws you but does no damage.
The troll misses you.
The orc sorcerer gestures at you while chanting.
The bolt of fire hits you.
Amurritum barely misses the orc warrior.
You slash the troll!
You kill the troll!
You hit the orc sorcerer but do no damage.
The orc warrior hits Amurritum with a +0 flail.
The orc sorcerer hits you but does no damage.
Amurritum misses the orc warrior.
Amurritum blocks the orc warrior's attack.
The orc sorcerer casts a spell at you. The bolt of fire hits you!!!
Ouch! That really hurt!
You die...

###..##..#..##..#.
#######..##...'#...#.
#.........##.##..#.#.
#.#######..###..##<#. #.#
#....#..#####. #.#
#....#.## #.
#.######......# #.
#..#[o.#......# #.
#...@Ro.......# #.
#.##..)#......######.
#.######............. #.#
#.############ ######.#
#.# #....#.######.#
#.##.#........#
#.<#.#####################
####...........[..........


You could see the friendly Amurritum the knight, an orc sorcerer and an orc
warrior (ally target).

Vanquished Creatures
  A two-headed ogre (D:9)
  An orc sorcerer (D:9)
  Jeremiah (D:8)
  2 trolls (D:9)
  Prince Ribbit (D:5)
  A hornet (D:7)
  Sigmund (D:4)
  A vampire (D:9)
  2 yaks (D:8)
  A shadow (D:9)
  A wyvern (D:7)
  Eustachio (D:6)
  Grum (D:8)
  A steam dragon (D:9)
  3 wargs (D:9)
  2 water moccasins (D:7)
  A sky beast (D:6)
  An ice beast (D:8)
  3 orc warriors
  2 black bears
  2 wolves
  3 ogres
  A centaur (D:6)
  2 phantoms
  A kobold brigand (D:8)
  3 bullfrogs
  3 scorpions
  6 wights
  A hound (D:5)
  A gnoll bouda (D:8)
  3 orc priests
  2 jellies
  4 iguanas
  A sleepcap (D:6)
  Ijyb (D:5)
  8 orc wizards
  Robin (D:3)
  5 gnolls
  5 adders
  2 shadow imps
  A white imp (D:5)
  4 dart slugs
  28 orcs
  6 ball pythons
  4 bats
  10 endoplasms
  2 giant cockroaches
  14 goblins
  10 hobgoblins
  10 jackals
  2 quokkas
  4 frilled lizards
  14 kobolds
  10 rats
202 creatures vanquished.

Vanquished Creatures (collateral kills)
  A yak (D:8)
  2 steam dragons
  Menkaure (D:7)
  Edmund (D:5)
  A warg (D:9)
  A black bear (D:8)
  A bullfrog (D:8)
  A scorpion (D:6)
  A wight (D:4)
  A howler monkey (D:8)
  A jelly (D:6)
  2 orc priests
  2 hounds
  An orc wizard (D:9)
  A gnoll (D:7)
  4 orcs
  A hobgoblin (D:4)
23 creatures vanquished.

Vanquished Creatures (others)
  A gnoll sergeant (D:7)
  5 knights
  A gnoll (D:7)
7 creatures vanquished.

Grand Total: 232 creatures vanquished

Notes
Turn   | Place    | Note
-------+----------+-------------------------------------------
     0 | D:1      | Aneyh the Tengu Monk began the quest for the Orb.
     0 | D:1      | Reached XP level 1. HP: 14/14 MP: 2/2
   392 | D:1      | Found a faded altar of an unknown god.
   419 | D:1      | Reached XP level 2. HP: 19/19 MP: 3/3
  1052 | D:2      | Reached XP level 3. HP: 21/23 MP: 4/4
  1172 | D:2      | Found a shadowy altar of Dithmenos.
  1263 | D:2      | Reached skill level 5 in Polearms
  1304 | D:2      | Reached XP level 4. HP: 28/28 MP: 5/5
  1785 | D:3      | Found a hide-covered altar of Uskayaw.
  1786 | D:3      | Found a blossoming altar of Fedhas.
  1786 | D:3      | Found a radiant altar of Vehumet.
  1817 | D:3      | Found a sparkling altar of Nemelex Xobeh.
  1821 | D:3      | Found an ornate altar of the Wu Jian Council.
  1916 | D:3      | Found a snail-covered altar of Cheibriados.
  2223 | D:3      | Noticed Robin
  2267 | D:3      | Killed Robin
  2268 | D:3      | Reached XP level 5. HP: 23/32 MP: 6/6
  2728 | D:4      | Found a white marble altar of Elyvilon.
  2728 | D:4      | Found a hazy altar of Hepliaklqana.
  2780 | D:4      | Became a worshipper of Hepliaklqana the Forgotten
  2780 | D:4      | Reached * piety under Hepliaklqana
  2780 | D:4      | Reached ** piety under Hepliaklqana
  2782 | D:4      | Reached skill level 1 in Armour
  2782 | D:4      | Remembered your ancestor Amurritum as a knight
  2929 | D:4      | Noticed Sigmund
  2943 | D:4      | Killed Sigmund
  2944 | D:4      | Reached XP level 6. HP: 30/34 MP: 7/7
  2979 | D:4      | Reached skill level 4 in Fighting
  2995 | D:4      | Gained mutation: Your magical flight helps you evade
                  | attacks. (EV +4) [Tengu growth]
  2995 | D:4      | Reached XP level 7. HP: 30/38 MP: 8/8
  2997 | D:4      | Found a broken altar of Ashenzari.
  3140 | D:4      | Found a burning altar of Makhleb.
  3418 | D:4      | Reached skill level 5 in Armour
  3497 | D:5      | Entered Level 5 of the Dungeon
  3514 | D:5      | Reached skill level 5 in Fighting
  3525 | D:5      | Noticed Edmund
  3541 | D:5      | Killed Edmund
  3542 | D:5      | Reached skill level 5 in Dodging
  3542 | D:5      | Reached XP level 8. HP: 30/44 MP: 9/9
  3817 | D:5      | Noticed Ijyb
  3832 | D:5      | Killed Ijyb
  3873 | D:5      | Found a staircase to the Ecumenical Temple.
  3880 | D:5      | Reached skill level 1 in Axes
  3934 | D:5      | Found Plog's Jewellery Boutique.
  4124 | D:5      | Noticed Prince Ribbit
  4137 | D:5      | Killed Prince Ribbit
  4258 | D:6      | Reached skill level 6 in Fighting
  4274 | D:6      | Found an opulent altar of Gozag.
  4363 | D:6      | Reached XP level 9. HP: 49/49 MP: 10/10
  4453 | D:6      | Noticed Eustachio
  4490 | D:6      | Killed Eustachio
  5013 | D:7      | Reached skill level 7 in Fighting
  5103 | D:7      | Noticed Menkaure
  5114 | D:7      | Killed Menkaure
  5227 | D:7      | Reached *** piety under Hepliaklqana
  5732 | D:7      | Reached skill level 8 in Fighting
  6018 | D:8      | Reached XP level 10. HP: 58/58 MP: 11/11
  6036 | D:8      | Noticed Grum
  6221 | D:8      | Killed Grum
  6246 | D:8      | Noticed Jeremiah
  6316 | D:8      | Killed Jeremiah
  6420 | D:8      | Reached skill level 9 in Fighting
  6548 | D:8      | Paralysed by a hornet for 2 turns
  6707 | D:8      | Found a staircase to the Lair.
  7106 | D:8      | Found a bloodstained altar of Trog.
  7115 | D:8      | Found an iron altar of Okawaru.
  7278 | D:9      | Identified the +11 falchion of the Wraith {drain, *Rage
                  | Int+4 Stlth+}
  7279 | D:9      | Reached **** piety under Hepliaklqana
  7497 | D:9      | Found a staircase to the Orcish Mines.
  7507 | D:9      | Reached skill level 10 in Fighting
  7507 | D:9      | Reached skill level 1 in Shields
  7617 | D:9      | Found a glowing golden altar of the Shining One.
  7708 | D:9      | Reached XP level 11. HP: 45/64 MP: 12/12
  8023 | Orc:1    | Entered Level 1 of the Orcish Mines
  8023 | Orc:1    | Noticed an orc sorcerer
  8024 | Orc:1    | Noticed a two-headed ogre
  8029 | Orc:1    | Noticed an orc sorcerer
  8037 | D:9      | Killed an orc sorcerer
  8098 | D:9      | Killed a two-headed ogre
  8103 | Orc:1    | Paralysed by an orc sorcerer for 3 turns
  8106 | Orc:1    | Noticed an orc warlord
  8436 | D:9      | Killed from afar by an orc sorcerer

Illustrated notes

Levels and vault maps discovered:
D:1:      minmay_arrival_split_and_join, layout_basic,
          shapermc_ecumenical_altar_notcrosses, nicolae_titane
D:2:      layout_loops_ring, basic_altar, hangedman_glass_teeth
D:3:      layout_rooms, cheibriados_altar_1, minmay_overflow_temple_star_hex,
          nicolae_kite_square_tiling_tiny, supply_closet_lemuel, uniq_robin
D:4:      layout_basic, mainiacjoe_overflow_alcove_1,
          gammafunk_temple_overflow_wave, nicolae_ashenzari_panopticon,
          uniq_sigmund
D:5:      layout_loops_ring, temple_green, serial_shops, nicolae_diamond_shop,
          minivault_23, uniq_prince_ribbit1, uniq_edmund, uniq_ijyb
D:6:      layout_loops_cross, nicolae_gozag_cash_rules_everything_around_me,
          uniq_eustachio
D:7:      layout_loops_ring, uniq_menkaure
D:8:      layout_rooms, mainiacjoe_overflow_swirl,
          grunt_lair_entry_orc_guard_hut, st_stairs_13, fountainhead,
          uniq_jeremiah, uniq_grum
D:9:      layout_basic, tso_metal_star, minmay_orc_entry_guard_dogs
Orc:1:    layout_diamond_mine, bloody_makhleb

Skill      XL: |  1  2  3  4  5  6  7  8  9 10 11 |
---------------+----------------------------------+-----
Polearms       | 4 5 6 |  6.0
Armour         | 2 3 5 6 7 8 9 |  9.0
Dodging        | 4 5 7 9 |  9.8
Fighting       | 4 5 6 8 10 | 10.6
Axes           | 4 |  4.4
Shields        | 1 2 |  2.6

Action                     |  1- 3 |  4- 6 |  7- 9 | 10-12 || total
---------------------------+-------+-------+-------+-------++-------
  Melee: Spear             |    94 |   147 |       |       ||   241
         Kick              |    13 |    39 |    60 |    54 ||   166
         Peck              |    11 |    12 |    43 |    33 ||    99
         Punch             |     1 |     1 |     9 |     1 ||    12
         War axe           |       |     3 |   226 |   178 ||   407
         Halberd           |       |       |     1 |     1 ||     2
 Invoke: Ancestor Life: Kn |       |     1 |       |       ||     1
    Use: Scroll            |       |       |     4 |       ||     4
         Potion            |       |       |     2 |       ||     2
   Stab: Sleeping          |     6 |       |       |       ||     6
 Armour: Robe              |     6 |       |       |       ||     6
         Ring mail         |    22 |    62 |   111 |    95 ||   290
         Troll leather arm |       |       |       |    36 ||    36
  Dodge: Dodged            |    35 |    88 |   196 |   219 ||   538
  Block: Buckler           |       |       |       |    21 ||    21

Table legend: (Time is in decaauts)
 A = Elapsed time spent in this place.
 B = Non-inter-level travel time spent in this place.
 C = Inter-level travel time spent in this place.
 D = Time resting spent in this place.
 E = Time spent auto-exploring this place.
 F = Levels seen in this place.
 G = Mean time per level.
                   A        B        C        D        E       F      G
               +--------+--------+--------+--------+--------+-----+--------+
         Total |   8502 |   8078 |    424 |   1136 |   5234 |  10 |  850.2 |
       Dungeon |   8469 |   8045 |    424 |   1136 |   5234 |   9 |  941.0 |
  Orcish Mines |     32 |     32 |      0 |      0 |      0 |   1 |   32.0 |
               +--------+--------+--------+--------+--------+-----+--------+

Top non-repeatable levels by time:
     D:7: 1321 daAuts
     D:9: 1126 daAuts
     D:8: 1020 daAuts
     D:1: 994 daAuts
     D:4: 945 daAuts
     D:3: 909 daAuts
     D:6: 807 daAuts
     D:5: 727 daAuts
     D:2: 618 daAuts
   Orc:1: 32 daAuts
